Connexion

CALGARY Flames vs VANCOUVER Canucks (R3)

Created - 30 janvier 2024 at 05:42

Goals
1 2 3 T
CALGARY Flames 0 1 2 3
VANCOUVER Canucks 0 0 0 0
Shots
1 2 3 T
CALGARY Flames 8 5 13 26
VANCOUVER Canucks 4 8 6 18

GoalsPenalties
1st period
No Goal
Vladimir Tarasenko (VAN) for Holding (Minor) at 9:44
Devin Shore (VAN) for High sticking (Minor) at 13:41
Travis Hamonic (VAN) for Roughing (Minor) at 15:02
Steven Oleksy (CGY) for High sticking (Minor) at 17:06
Joel Eriksson EK (VAN) for Roughing (Minor) at 18:51
2nd period
1. CALGARY Flames , Teuvo Teravainen 28 (Nick Schmaltz 25, Juuso Valimaki 36) at 0:39 (PP)
Travis Hamonic (VAN) for Tripping (Minor) at 4:37
Joel Eriksson EK (VAN) for Tripping (Minor) at 8:13
3rd period
2. CALGARY Flames , Max Pacioretty 17 (Miro Heiskanen 35, Kevin Fiala 36) at 8:39 (PP)
3. CALGARY Flames , Nick Schmaltz 22 (Ryan Suter 16, Jakub Voracek 21) at 10:47
Mattias Ekholm (VAN) for Cross-checking (Minor) at 1:41
Vladimir Tarasenko (VAN) for Tripping (Minor) at 6:55
Ben Chiarot (VAN) for Interference (Minor) at 13:21
Ryan Pulock (VAN) for Slashing (Double Minor) at 13:53
Goalie Stats
Pyotr Kochetkov (CGY), 18 saves from 18 shots - (1,000), W, 8-7-2, 60:00 minutes
Philipp Grubauer (VAN), 23 saves from 26 shots - (0,885), L, 12-10-1, 60:00 minutes
3 StarsOfficial
1 - Pyotr Kochetkov (CGY)
2 - Nick Schmaltz (CGY)
3 - Max Pacioretty (CGY)
Referees : Greg Kimmerly and Stephane Auger
Linesman : Andy McElman and Greg Devorski
Game Note
No Game Note
Finance
Level 1 -- Attendance: 5779 (96,32%) -- Ticket Income $693,480
Level 2 -- Attendance: 5495 (97,60%) -- Ticket Income $412,125
Level 3 -- Attendance: 2000 (100,00%) -- Ticket Income $90,000
Level 4 -- Attendance: 4000 (100,00%) -- Ticket Income $120,000
Luxury Box -- Attendance: 1000 (100,00%) -- Ticket Income $225,000
Game was played at the Rogers Arena.
Total Attendance: 18274 (98,09%)
Total Ticket Income: $1,540,605
Other Income: $308,121
Total Income: $1,848,726



Team Name Goals Shots Shots Attemp Shots Blocked PIM HIT PP PK FO%
CALGARY Flames 3265752202 / 11 (18%)058%
VANCOUVER Canucks 018401122250 / 1 (0%)242%

CALGARY Flames
Player Name POS G A P +/- PIM HIT SHT SB MP PP MP PP SHT PK MP PK SHT FO% FOT
Alex NewhookC000000107:471:0600:00017% 6
Andrew CoglianoC/LW/RW000000006:410:0000:0000% 0
Blake ColemanC/LW/RW000001009:420:0000:00050% 2
Carter Rowney C/RW0000010010:320:0000:5000% 0
Jakub VoracekLW/RW0111013020:118:5200:110100% 2
John KlingbergD0000004023:449:5240:4600% 0
Juuso ValimakiD0110031122:018:4210:0000% 0
Kevin FialaLW/RW0110035121:4910:1330:11050% 2
Max PaciorettyLW1011024121:009:3830:000100% 1
Miro HeiskanenD0110010023:399:4800:4600% 0
Nick SchmaltzC1121013020:448:5220:44067% 24
Nils HoglanderLW000001106:410:0000:0000% 0
Ryan HartmanC/RW000000009:420:0000:000100% 9
Ryan SuterD0111000214:501:0600:5900% 0
Seth JonesD0000010023:018:4200:5900% 0
Sidney CrosbyC0000022022:4210:1310:50045% 29
Steven OleksyD0001210012:440:0000:0000% 0
Teuvo TeravainenC/LW/RW1010022020:308:2120:44050% 2
VANCOUVER Canucks
Player Name POS G A P +/- PIM HIT SHT SB MP PP MP PP SHT PK MP PK SHT FO% FOT
Ben ChiarotD0000250112:000:0000:0900% 0
Casey MittelstadtC0000011111:420:0000:00027% 11
Devin ShoreC/LW/RW0000210010:280:4300:0000% 0
Jack EichelC0000007021:120:43010:29022% 9
Janne KuokkanenLW0000011012:180:0000:2200% 1
Joel Eriksson EKC/LW/RW000-1422017:481:0104:30060% 5
Logan ShawC/RW000000005:100:0000:0000% 2
Matt DucheneC/LW000-1012023:381:02010:18051% 43
Mattias EkholmD0000211323:031:0208:4000% 0
Michael RasmussenC0000011010:340:0005:24040% 5
Nate SchmidtD000-1001124:140:4309:3500% 0
Oskar LindblomLW/RW0000020011:420:0000:0000% 0
Ryan DzingelC/LW/RW0000011010:290:4300:0000% 1
Ryan PulockD0000480121:421:0207:1800% 0
Tobias BjornfotD0000000216:450:0004:5300% 0
Tomas NosekC/LW000000105:100:0000:0000% 0
Travis HamonicD000-1410222:110:4307:3300% 0
Vladimir TarasenkoRW000-1400018:201:0205:0200% 0



Play-by-Play

1st period


0:01 of 1st period - Matt Duchene wins face-off versus Sidney Crosby in neutral zone.
0:01 of 1st period - Matt Duchene is hit by Kevin Fiala.
0:10 of 1st period - Shot by Joel Eriksson EK.
0:10 of 1st period - Stopped by Pyotr Kochetkov without a rebound.
0:11 of 1st period - Nick Schmaltz wins face-off versus Jack Eichel in CALGARY Flames zone.
0:18 of 1st period - Shot by Jakub Voracek.
0:18 of 1st period - Shot Misses the Net.
0:39 of 1st period - Icing by Juuso Valimaki.
0:40 of 1st period - Nick Schmaltz wins face-off versus Casey Mittelstadt in CALGARY Flames zone.
0:45 of 1st period - Shot by Jakub Voracek.
0:45 of 1st period - Stopped by Philipp Grubauer with a rebound.
0:54 of 1st period - Janne Kuokkanen is hit by Juuso Valimaki and loses puck.
1:00 of 1st period - Icing by Nick Schmaltz.
1:01 of 1st period - Nick Schmaltz wins face-off versus Matt Duchene in CALGARY Flames zone.
1:01 of 1st period - Nick Schmaltz is hit by Joel Eriksson EK.
1:10 of 1st period - Vladimir Tarasenko is hit by Miro Heiskanen and loses puck.
1:18 of 1st period - Max Pacioretty is hit by Travis Hamonic and loses puck.
1:31 of 1st period - Shot by Vladimir Tarasenko.
1:31 of 1st period - Shot Misses the Net.
1:33 of 1st period - Shot by Matt Duchene.
1:33 of 1st period - Shot Blocked by Max Pacioretty.
2:43 of 1st period - Shot by Sidney Crosby.
2:43 of 1st period - Shot Misses the Net.
2:46 of 1st period - Sidney Crosby is hit by Ryan Pulock and loses puck.
3:02 of 1st period - Icing by Logan Shaw.
3:03 of 1st period - Ryan Hartman wins face-off versus Michael Rasmussen in VANCOUVER Canucks zone.
3:11 of 1st period - Icing by Mattias Ekholm.
3:12 of 1st period - Blake Coleman wins face-off versus Logan Shaw in VANCOUVER Canucks zone.
3:15 of 1st period - Shot by Blake Coleman.
3:15 of 1st period - Shot Misses the Net.
3:17 of 1st period - Shot by Blake Coleman.
3:17 of 1st period - Shot Blocked by Mattias Ekholm.
3:19 of 1st period - Shot by Steven Oleksy.
3:19 of 1st period - Shot Blocked by Mattias Ekholm.
3:47 of 1st period - Carter Rowney is hit by Ryan Pulock.
3:56 of 1st period - Icing by Ryan Pulock.
3:57 of 1st period - Alex Newhook wins face-off versus Logan Shaw in VANCOUVER Canucks zone.
3:57 of 1st period - Seth Jones is hit by Mattias Ekholm and loses puck.
4:23 of 1st period - Icing by Nate Schmidt.
4:24 of 1st period - Jack Eichel wins face-off versus Sidney Crosby in VANCOUVER Canucks zone.
4:47 of 1st period - Shot by Jack Eichel.
4:47 of 1st period - Shot Misses the Net.
4:49 of 1st period - Shot by Ryan Dzingel.
4:49 of 1st period - Deflect By Jack Eichel.
4:49 of 1st period - Stopped by Pyotr Kochetkov without a rebound.
4:50 of 1st period - Matt Duchene wins face-off versus Alex Newhook in CALGARY Flames zone.
5:35 of 1st period - Andrew Cogliano is hit by Ben Chiarot and loses puck.
6:52 of 1st period - Ryan Pulock is hit by Sidney Crosby and loses puck.
7:23 of 1st period - Miro Heiskanen is hit by Devin Shore and loses puck.
7:36 of 1st period - Miro Heiskanen is hit by Ryan Dzingel and loses puck.
7:43 of 1st period - Jack Eichel is hit by Carter Rowney and loses puck.
7:59 of 1st period - Ryan Pulock is hit by Seth Jones and loses puck.
8:07 of 1st period - Icing by John Klingberg.
8:08 of 1st period - Nick Schmaltz wins face-off versus Matt Duchene in CALGARY Flames zone.
8:21 of 1st period - Shot by Travis Hamonic.
8:21 of 1st period - Shot Misses the Net.
8:23 of 1st period - Shot by Matt Duchene.
8:23 of 1st period - Stopped by Pyotr Kochetkov without a rebound.
8:24 of 1st period - Teuvo Teravainen wins face-off versus Casey Mittelstadt in CALGARY Flames zone.
8:42 of 1st period - Shot by Janne Kuokkanen.
8:42 of 1st period - Shot Misses the Net.
8:46 of 1st period - Shot by Janne Kuokkanen.
8:46 of 1st period - Stopped by Pyotr Kochetkov without a rebound.
8:47 of 1st period - Matt Duchene wins face-off versus Blake Coleman in CALGARY Flames zone.
8:58 of 1st period - Icing by Joel Eriksson EK.
8:59 of 1st period - Matt Duchene wins face-off versus Sidney Crosby in VANCOUVER Canucks zone.
8:59 of 1st period - Matt Duchene is hit by Kevin Fiala.
9:44 of 1st period - Minor Penalty to Vladimir Tarasenko for Holding.
9:45 of 1st period - Matt Duchene wins face-off versus Nick Schmaltz in VANCOUVER Canucks zone.
10:36 of 1st period - Shot by Seth Jones.
10:36 of 1st period - Shot Misses the Net.
11:53 of 1st period - Ben Chiarot is hit by Blake Coleman and loses puck.
12:16 of 1st period - Steven Oleksy is hit by Oskar Lindblom and loses puck.
12:40 of 1st period - Icing by Juuso Valimaki.
12:41 of 1st period - Joel Eriksson EK wins face-off versus Alex Newhook in CALGARY Flames zone.
13:41 of 1st period - Minor Penalty to Devin Shore for High sticking.
13:42 of 1st period - Sidney Crosby wins face-off versus Michael Rasmussen in VANCOUVER Canucks zone.
14:15 of 1st period - Shot by Kevin Fiala.
14:15 of 1st period - Stopped by Philipp Grubauer without a rebound.
14:16 of 1st period - Joel Eriksson EK wins face-off versus Nick Schmaltz in VANCOUVER Canucks zone.
14:16 of 1st period - Nate Schmidt is hit by Jakub Voracek and loses puck.
14:31 of 1st period - Shot by Nick Schmaltz.
14:31 of 1st period - Shot Misses the Net.
14:33 of 1st period - Shot by Jakub Voracek.
14:33 of 1st period - Shot Blocked by Nate Schmidt.
14:35 of 1st period - Shot by Juuso Valimaki.
14:35 of 1st period - Stopped by Philipp Grubauer without a rebound.
14:36 of 1st period - Max Pacioretty wins face-off versus Matt Duchene in VANCOUVER Canucks zone.
14:41 of 1st period - Shot by Max Pacioretty.
14:41 of 1st period - Stopped by Philipp Grubauer without a rebound.
14:42 of 1st period - Nick Schmaltz wins face-off versus Matt Duchene in VANCOUVER Canucks zone.
15:02 of 1st period - Minor Penalty to Travis Hamonic for Roughing.
15:03 of 1st period - Kevin Fiala wins face-off versus Matt Duchene in VANCOUVER Canucks zone.
15:33 of 1st period - Shot by Sidney Crosby.
15:33 of 1st period - Deflect By Max Pacioretty.
15:33 of 1st period - Stopped by Philipp Grubauer without a rebound.
15:34 of 1st period - Jakub Voracek wins face-off versus Matt Duchene in VANCOUVER Canucks zone.
15:50 of 1st period - Icing by Nick Schmaltz.
15:51 of 1st period - Nick Schmaltz wins face-off versus Matt Duchene in CALGARY Flames zone.
15:51 of 1st period - Nick Schmaltz is hit by Matt Duchene.
16:01 of 1st period - Tobias Bjornfot is hit by Teuvo Teravainen and loses puck.
16:19 of 1st period - Jakub Voracek is hit by Ryan Pulock and loses puck.
17:06 of 1st period - Minor Penalty to Steven Oleksy for High sticking.
17:07 of 1st period - Jack Eichel wins face-off versus Sidney Crosby in CALGARY Flames zone.
17:40 of 1st period - Nate Schmidt is hit by Sidney Crosby and loses puck.
18:26 of 1st period - Icing by Ryan Pulock.
18:27 of 1st period - Matt Duchene wins face-off versus Sidney Crosby in VANCOUVER Canucks zone.
18:50 of 1st period - Miro Heiskanen is hit by Joel Eriksson EK and loses puck.
18:51 of 1st period - Minor Penalty to Joel Eriksson EK for Roughing.
18:52 of 1st period - Sidney Crosby wins face-off versus Janne Kuokkanen in VANCOUVER Canucks zone.
18:53 of 1st period - Shot by Max Pacioretty.
18:53 of 1st period - Stopped by Philipp Grubauer with a rebound.
18:59 of 1st period - Shot by Sidney Crosby.
18:59 of 1st period - Shot Misses the Net.
19:01 of 1st period - Shot by Max Pacioretty.
19:01 of 1st period - Shot Blocked by Travis Hamonic.
19:03 of 1st period - Shot by Juuso Valimaki.
19:03 of 1st period - Shot Hit the Post.
19:49 of 1st period - Shot by Teuvo Teravainen.
19:49 of 1st period - Stopped by Philipp Grubauer with a rebound.
19:55 of 1st period - Shot by Nick Schmaltz.
19:55 of 1st period - Stopped by Philipp Grubauer with a rebound.
Goals for this period are 0 for CALGARY Flames vs 0 for VANCOUVER Canucks .
Shots for this period are 8 for CALGARY Flames vs 4 for VANCOUVER Canucks .

2nd period


0:01 of 2nd period - Matt Duchene wins face-off versus Sidney Crosby in neutral zone.
0:13 of 2nd period - Kevin Fiala is hit by Ryan Pulock and loses puck.
0:25 of 2nd period - Off-side.
0:26 of 2nd period - Matt Duchene wins face-off versus Nick Schmaltz in neutral zone.
0:39 of 2nd period - Shot by Teuvo Teravainen.
0:39 of 2nd period - Goal by Teuvo Teravainen - CALGARY Flames : 1 - VANCOUVER Canucks : 0.
0:40 of 2nd period - Ryan Hartman wins face-off versus Casey Mittelstadt in neutral zone.
0:59 of 2nd period - Janne Kuokkanen is hit by Steven Oleksy and loses puck.
1:16 of 2nd period - Shot by Casey Mittelstadt.
1:16 of 2nd period - Stopped by Pyotr Kochetkov without a rebound.
1:17 of 2nd period - Matt Duchene wins face-off versus Kevin Fiala in CALGARY Flames zone.
1:30 of 2nd period - Shot by Matt Duchene.
1:30 of 2nd period - Stopped by Pyotr Kochetkov with a rebound.
1:32 of 2nd period - Shot by Travis Hamonic.
1:32 of 2nd period - Shot Misses the Net.
1:44 of 2nd period - Travis Hamonic is hit by Teuvo Teravainen and loses puck.
2:22 of 2nd period - Off-side.
2:23 of 2nd period - Ryan Hartman wins face-off versus Jack Eichel in neutral zone.
2:55 of 2nd period - Blake Coleman is hit by Ben Chiarot and loses puck.
3:55 of 2nd period - Icing by Mattias Ekholm.
3:56 of 2nd period - Casey Mittelstadt wins face-off versus Sidney Crosby in VANCOUVER Canucks zone.
4:01 of 2nd period - Teuvo Teravainen is hit by Janne Kuokkanen and loses puck.
4:09 of 2nd period - Kevin Fiala is hit by Ryan Pulock and loses puck.
4:19 of 2nd period - Kevin Fiala is hit by Ryan Pulock and loses puck.
4:22 of 2nd period - Shot by Teuvo Teravainen.
4:22 of 2nd period - Shot Misses the Net.
4:24 of 2nd period - Shot by Sidney Crosby.
4:24 of 2nd period - Deflect By Kevin Fiala.
4:24 of 2nd period - Stopped by Philipp Grubauer without a rebound.
4:25 of 2nd period - Ryan Hartman wins face-off versus Matt Duchene in VANCOUVER Canucks zone.
4:37 of 2nd period - Minor Penalty to Travis Hamonic for Tripping.
4:38 of 2nd period - Sidney Crosby wins face-off versus Matt Duchene in VANCOUVER Canucks zone.
4:57 of 2nd period - Shot by John Klingberg.
4:57 of 2nd period - Stopped by Philipp Grubauer without a rebound.
4:58 of 2nd period - Nick Schmaltz wins face-off versus Matt Duchene in VANCOUVER Canucks zone.
5:42 of 2nd period - Shot by Teuvo Teravainen.
5:42 of 2nd period - Shot Misses the Net.
5:53 of 2nd period - Icing by Miro Heiskanen.
5:54 of 2nd period - Joel Eriksson EK wins face-off versus Sidney Crosby in CALGARY Flames zone.
6:13 of 2nd period - Shot by Vladimir Tarasenko.
6:13 of 2nd period - Shot Misses the Net.
6:16 of 2nd period - Icing by John Klingberg.
6:17 of 2nd period - Sidney Crosby wins face-off versus Matt Duchene in CALGARY Flames zone.
6:58 of 2nd period - Shot by Casey Mittelstadt.
6:58 of 2nd period - Shot Blocked by Ryan Suter.
7:43 of 2nd period - Shot by Devin Shore.
7:43 of 2nd period - Deflect By Jack Eichel.
7:43 of 2nd period - Stopped by Pyotr Kochetkov with a rebound.
7:45 of 2nd period - Shot by Ryan Dzingel.
7:45 of 2nd period - Shot Misses the Net.
7:47 of 2nd period - Shot by Jack Eichel.
7:47 of 2nd period - Shot Misses the Net.
7:49 of 2nd period - Shot by Ryan Dzingel.
7:49 of 2nd period - Stopped by Pyotr Kochetkov with a rebound.
7:57 of 2nd period - Shot by Jack Eichel.
7:57 of 2nd period - Shot Blocked by Ryan Suter.
7:59 of 2nd period - Shot by Jack Eichel.
7:59 of 2nd period - Stopped by Pyotr Kochetkov without a rebound.
8:00 of 2nd period - Matt Duchene wins face-off versus Teuvo Teravainen in CALGARY Flames zone.
8:07 of 2nd period - Shot by Matt Duchene.
8:07 of 2nd period - Shot Hit the Post.
8:13 of 2nd period - Minor Penalty to Joel Eriksson EK for Tripping.
8:14 of 2nd period - Nick Schmaltz wins face-off versus Matt Duchene in VANCOUVER Canucks zone.
8:15 of 2nd period - Shot by John Klingberg.
8:15 of 2nd period - Stopped by Philipp Grubauer with a rebound.
8:27 of 2nd period - Shot by Miro Heiskanen.
8:27 of 2nd period - Deflect By Nick Schmaltz.
8:27 of 2nd period - Shot Hit the Post.
8:57 of 2nd period - Off-side.
8:58 of 2nd period - Sidney Crosby wins face-off versus Matt Duchene in neutral zone.
9:17 of 2nd period - Icing by Max Pacioretty.
9:18 of 2nd period - Matt Duchene wins face-off versus Sidney Crosby in CALGARY Flames zone.
9:24 of 2nd period - Icing by Seth Jones.
9:25 of 2nd period - Sidney Crosby wins face-off versus Matt Duchene in CALGARY Flames zone.
10:31 of 2nd period - Andrew Cogliano is hit by Ben Chiarot and loses puck.
10:36 of 2nd period - Shot by Nils Hoglander.
10:36 of 2nd period - Shot Misses the Net.
11:00 of 2nd period - Tobias Bjornfot is hit by Nils Hoglander and loses puck.
11:27 of 2nd period - Shot by John Klingberg.
11:27 of 2nd period - Shot Blocked by Casey Mittelstadt.
11:29 of 2nd period - Shot by Blake Coleman.
11:29 of 2nd period - Shot Misses the Net.
11:42 of 2nd period - Blake Coleman is hit by Ben Chiarot and loses puck.
13:09 of 2nd period - Shot by Sidney Crosby.
13:09 of 2nd period - Shot Blocked by Travis Hamonic.
14:07 of 2nd period - Shot by Alex Newhook.
14:07 of 2nd period - Stopped by Philipp Grubauer without a rebound.
14:08 of 2nd period - Michael Rasmussen wins face-off versus Alex Newhook in VANCOUVER Canucks zone.
15:10 of 2nd period - Off-side.
15:11 of 2nd period - Nick Schmaltz wins face-off versus Ryan Dzingel in neutral zone.
16:13 of 2nd period - Off-side.
16:14 of 2nd period - Ryan Hartman wins face-off versus Casey Mittelstadt in neutral zone.
16:29 of 2nd period - Off-side.
16:30 of 2nd period - Sidney Crosby wins face-off versus Matt Duchene in neutral zone.
16:51 of 2nd period - Shot by Joel Eriksson EK.
16:51 of 2nd period - Stopped by Pyotr Kochetkov without a rebound.
16:52 of 2nd period - Michael Rasmussen wins face-off versus Nick Schmaltz in CALGARY Flames zone.
16:55 of 2nd period - Shot by Michael Rasmussen.
16:55 of 2nd period - Stopped by Pyotr Kochetkov with a rebound.
16:57 of 2nd period - Shot by Michael Rasmussen.
16:57 of 2nd period - Deflect By Tomas Nosek.
16:57 of 2nd period - Stopped by Pyotr Kochetkov with a rebound.
17:03 of 2nd period - Shot by Logan Shaw.
17:03 of 2nd period - Shot Misses the Net.
17:05 of 2nd period - Shot by Logan Shaw.
17:05 of 2nd period - Shot Misses the Net.
17:07 of 2nd period - Shot by Nate Schmidt.
17:07 of 2nd period - Shot Blocked by Juuso Valimaki.
17:35 of 2nd period - Off-side.
17:36 of 2nd period - Matt Duchene wins face-off versus Sidney Crosby in neutral zone.
18:20 of 2nd period - Shot by Matt Duchene.
18:20 of 2nd period - Shot Misses the Net.
18:44 of 2nd period - Shot by Ryan Hartman.
18:44 of 2nd period - Shot Misses the Net.
18:49 of 2nd period - Off-side.
18:50 of 2nd period - Nick Schmaltz wins face-off versus Casey Mittelstadt in neutral zone.
19:06 of 2nd period - Tobias Bjornfot is hit by Juuso Valimaki and loses puck.
19:47 of 2nd period - Ryan Hartman is hit by Ben Chiarot and loses puck.
Goals for this period are 1 for CALGARY Flames vs 0 for VANCOUVER Canucks .
Shots for this period are 5 for CALGARY Flames vs 8 for VANCOUVER Canucks .

3rd period


0:01 of 3rd period - Matt Duchene wins face-off versus Sidney Crosby in neutral zone.
0:30 of 3rd period - Shot by Vladimir Tarasenko.
0:30 of 3rd period - Shot Misses the Net.
0:38 of 3rd period - Shot by Joel Eriksson EK.
0:38 of 3rd period - Shot Misses the Net.
1:00 of 3rd period - Icing by Ryan Pulock.
1:01 of 3rd period - Nick Schmaltz wins face-off versus Jack Eichel in VANCOUVER Canucks zone.
1:32 of 3rd period - Shot by Max Pacioretty.
1:32 of 3rd period - Shot Blocked by Ryan Pulock.
1:34 of 3rd period - Shot by Jakub Voracek.
1:34 of 3rd period - Shot Misses the Net.
1:36 of 3rd period - Shot by Jakub Voracek.
1:36 of 3rd period - Stopped by Philipp Grubauer with a rebound.
1:41 of 3rd period - Minor Penalty to Mattias Ekholm for Cross-checking.
1:42 of 3rd period - Matt Duchene wins face-off versus Sidney Crosby in VANCOUVER Canucks zone.
3:47 of 3rd period - Off-side.
3:48 of 3rd period - Ryan Hartman wins face-off versus Casey Mittelstadt in neutral zone.
4:06 of 3rd period - Icing by Tobias Bjornfot.
4:07 of 3rd period - Casey Mittelstadt wins face-off versus Alex Newhook in VANCOUVER Canucks zone.
4:18 of 3rd period - Shot by Casey Mittelstadt.
4:18 of 3rd period - Shot Misses the Net.
4:41 of 3rd period - Shot by Miro Heiskanen.
4:41 of 3rd period - Shot Blocked by Tobias Bjornfot.
5:25 of 3rd period - Shot by Nate Schmidt.
5:25 of 3rd period - Stopped by Pyotr Kochetkov without a rebound.
5:26 of 3rd period - Sidney Crosby wins face-off versus Jack Eichel in CALGARY Flames zone.
6:04 of 3rd period - Shot by Jack Eichel.
6:04 of 3rd period - Stopped by Pyotr Kochetkov with a rebound.
6:06 of 3rd period - Shot by Jack Eichel.
6:06 of 3rd period - Stopped by Pyotr Kochetkov with a rebound.
6:08 of 3rd period - Shot by Jack Eichel.
6:08 of 3rd period - Shot Blocked by Kevin Fiala.
6:10 of 3rd period - Shot by Jack Eichel.
6:10 of 3rd period - Stopped by Pyotr Kochetkov without a rebound.
6:11 of 3rd period - Nick Schmaltz wins face-off versus Matt Duchene in CALGARY Flames zone.
6:25 of 3rd period - Shot by Matt Duchene.
6:25 of 3rd period - Shot Misses the Net.
6:51 of 3rd period - Matt Duchene is hit by Juuso Valimaki and loses puck.
6:55 of 3rd period - Minor Penalty to Vladimir Tarasenko for Tripping.
6:56 of 3rd period - Matt Duchene wins face-off versus Sidney Crosby in VANCOUVER Canucks zone.
7:09 of 3rd period - Shot by Sidney Crosby.
7:09 of 3rd period - Stopped by Philipp Grubauer without a rebound.
7:10 of 3rd period - Matt Duchene wins face-off versus Nick Schmaltz in VANCOUVER Canucks zone.
7:18 of 3rd period - Icing by Teuvo Teravainen.
7:19 of 3rd period - Nick Schmaltz wins face-off versus Matt Duchene in CALGARY Flames zone.
8:24 of 3rd period - Kevin Fiala is hit by Ryan Pulock and loses puck.
8:39 of 3rd period - Shot by Max Pacioretty.
8:39 of 3rd period - Goal by Max Pacioretty - CALGARY Flames : 2 - VANCOUVER Canucks : 0.
8:40 of 3rd period - Ryan Hartman wins face-off versus Casey Mittelstadt in neutral zone.
8:40 of 3rd period - Ryan Hartman is hit by Casey Mittelstadt.
8:43 of 3rd period - Ryan Suter is hit by Oskar Lindblom and loses puck.
9:01 of 3rd period - Icing by Oskar Lindblom.
9:02 of 3rd period - Casey Mittelstadt wins face-off versus Alex Newhook in VANCOUVER Canucks zone.
9:25 of 3rd period - Shot by Alex Newhook.
9:25 of 3rd period - Shot Misses the Net.
9:27 of 3rd period - Shot by Nils Hoglander.
9:27 of 3rd period - Shot Misses the Net.
10:21 of 3rd period - Shot by Sidney Crosby.
10:21 of 3rd period - Stopped by Philipp Grubauer without a rebound.
10:22 of 3rd period - Matt Duchene wins face-off versus Nick Schmaltz in VANCOUVER Canucks zone.
10:22 of 3rd period - Matt Duchene is hit by Max Pacioretty.
10:47 of 3rd period - Shot by Nick Schmaltz.
10:47 of 3rd period - Goal by Nick Schmaltz - CALGARY Flames : 3 - VANCOUVER Canucks : 0.
10:48 of 3rd period - Ryan Hartman wins face-off versus Jack Eichel in neutral zone.
10:58 of 3rd period - Icing by Ryan Pulock.
10:59 of 3rd period - Sidney Crosby wins face-off versus Jack Eichel in VANCOUVER Canucks zone.
11:12 of 3rd period - Shot by Mattias Ekholm.
11:12 of 3rd period - Stopped by Pyotr Kochetkov with a rebound.
11:14 of 3rd period - Shot by Jack Eichel.
11:14 of 3rd period - Stopped by Pyotr Kochetkov without a rebound.
11:15 of 3rd period - Nick Schmaltz wins face-off versus Matt Duchene in CALGARY Flames zone.
11:42 of 3rd period - Shot by Nick Schmaltz.
11:42 of 3rd period - Shot Misses the Net.
11:46 of 3rd period - Shot by Jakub Voracek.
11:46 of 3rd period - Stopped by Philipp Grubauer without a rebound.
11:47 of 3rd period - Sidney Crosby wins face-off versus Jack Eichel in VANCOUVER Canucks zone.
12:02 of 3rd period - Shot by Ryan Dzingel.
12:02 of 3rd period - Shot Misses the Net.
12:07 of 3rd period - Sidney Crosby is hit by Ryan Pulock and loses puck.
12:44 of 3rd period - Icing by Nick Schmaltz.
12:45 of 3rd period - Matt Duchene wins face-off versus Nick Schmaltz in CALGARY Flames zone.
13:03 of 3rd period - Off-side.
13:04 of 3rd period - Ryan Hartman wins face-off versus Michael Rasmussen in neutral zone.
13:04 of 3rd period - Ryan Hartman is hit by Michael Rasmussen.
13:08 of 3rd period - Shot by Blake Coleman.
13:08 of 3rd period - Shot Blocked by Ben Chiarot.
13:12 of 3rd period - Shot by Carter Rowney .
13:12 of 3rd period - Shot Misses the Net.
13:14 of 3rd period - Shot by Ryan Hartman.
13:14 of 3rd period - Shot Blocked by Tobias Bjornfot.
13:16 of 3rd period - Shot by Carter Rowney .
13:16 of 3rd period - Shot Misses the Net.
13:21 of 3rd period - Minor Penalty to Ben Chiarot for Interference.
13:22 of 3rd period - Matt Duchene wins face-off versus Sidney Crosby in VANCOUVER Canucks zone.
13:22 of 3rd period - Matt Duchene is hit by Max Pacioretty.
13:53 of 3rd period - Double Minor Penalty to Ryan Pulock for Slashing.
13:54 of 3rd period - Nick Schmaltz wins face-off versus Matt Duchene in VANCOUVER Canucks zone.
14:03 of 3rd period - Shot by Jakub Voracek.
14:03 of 3rd period - Deflect By Teuvo Teravainen.
14:03 of 3rd period - Shot Blocked by Mattias Ekholm.
14:25 of 3rd period - Nate Schmidt is hit by Nick Schmaltz and loses puck.
14:30 of 3rd period - Shot by Nick Schmaltz.
14:30 of 3rd period - Stopped by Philipp Grubauer without a rebound.
14:31 of 3rd period - Sidney Crosby wins face-off versus Matt Duchene in VANCOUVER Canucks zone.
14:32 of 3rd period - Shot by John Klingberg.
14:32 of 3rd period - Stopped by Philipp Grubauer without a rebound.
14:33 of 3rd period - Matt Duchene wins face-off versus Sidney Crosby in VANCOUVER Canucks zone.
14:33 of 3rd period - Matt Duchene is hit by Kevin Fiala.
16:21 of 3rd period - Off-side.
16:22 of 3rd period - Sidney Crosby wins face-off versus Joel Eriksson EK in neutral zone.
16:29 of 3rd period - Shot by Kevin Fiala.
16:29 of 3rd period - Stopped by Philipp Grubauer without a rebound.
16:30 of 3rd period - Nick Schmaltz wins face-off versus Matt Duchene in VANCOUVER Canucks zone.
17:12 of 3rd period - Shot by John Klingberg.
17:12 of 3rd period - Stopped by Philipp Grubauer with a rebound.
17:22 of 3rd period - Shot by Max Pacioretty.
17:22 of 3rd period - Deflect By Kevin Fiala.
17:22 of 3rd period - Stopped by Philipp Grubauer without a rebound.
17:23 of 3rd period - Sidney Crosby wins face-off versus Joel Eriksson EK in VANCOUVER Canucks zone.
17:40 of 3rd period - Off-side.
17:41 of 3rd period - Matt Duchene wins face-off versus Nick Schmaltz in neutral zone.
19:12 of 3rd period - Shot by Nils Hoglander.
19:12 of 3rd period - Stopped by Philipp Grubauer without a rebound.
19:13 of 3rd period - Matt Duchene wins face-off versus Sidney Crosby in VANCOUVER Canucks zone.
19:21 of 3rd period - Shot by Miro Heiskanen.
19:21 of 3rd period - Shot Misses the Net.
19:37 of 3rd period - Shot by Kevin Fiala.
19:37 of 3rd period - Stopped by Philipp Grubauer without a rebound.
19:38 of 3rd period - Jakub Voracek wins face-off versus Casey Mittelstadt in VANCOUVER Canucks zone.
Goals for this period are 2 for CALGARY Flames vs 0 for VANCOUVER Canucks .
Shots for this period are 13 for CALGARY Flames vs 6 for VANCOUVER Canucks .